Get step-by-step instructions on how to execute this build order below. Start the game timer, and the build order will tick by so you can play in parallel with StarCraft on a second screen or mobile device.

Game Time

  0:00

Last Step

  N/A

Next Step

Upcoming Step



Don't want to look back and forth between 2 screens? Try out our Overwolf App, the Spawning Tool Build Advisor to get an in-game overlay with this build!

Complete Build Order

  12  0:01  SCV  
  13  0:13  SCV  
  14  0:20  Supply Depot  
  14  0:25  SCV  
  15  0:41  SCV  
  16  0:43  Barracks  
  16  0:50  Refinery  
  16  0:53  SCV  
  17  1:05  SCV  
  18  1:18  SCV  
  19  1:22  Supply Depot  
  19  1:30  SCV, Marine  
  21  1:41  Barracks  
  21  1:42  Orbital Command  
  21  1:48  Refinery  
  21  1:49  Barracks Tech Lab  
  21  2:05  Factory  
  21  2:07  Marine  
  22  2:26  Marauder  
  22  2:27  Marine  
  22  2:29  Supply Depot  
  25  2:45  Marine  
  25  2:47  Marauder  
  28  2:53  Supply Depot  
  28  2:55  Hellion  
  30  3:03  Marine  
  31  3:08  Marine  
  32  3:21  Marine  
  32  3:26  Marine  
  34  3:28  Supply Depot  
  34  3:31  Hellion  
  36  3:39  Marine  
  37  3:44  Marine  
  38  3:51  SCV  
  38  3:52  Hellion  
  41  4:00  Supply Depot  
  41  4:03  SCV, Marauder  
  44  4:13  Hellion, Engineering Bay  
  44  4:15  SCV  
  49  4:24  Marauder  
  49  4:27  SCV  
  50  4:35  Hellion  
  52  4:39  SCV  
  53  4:51  SCV  
  54  6:05  Barracks Tech Lab  
  54  6:06  Marine, Terran Infantry Weapons Level 1, Stimpack  
  54  6:09  Factory Tech Lab, Factory  
  55  6:11  Starport  
  55  6:14  Command Center, Starport  
  55  6:16  Supply Depot  
  55  6:23  Concussive Shells  
  55  6:24  Marine  
  56  6:29  Siege Tank  
  59  6:40  Supply Depot  
  59  6:48  Starport Tech Lab  
  59  6:50  Marine  
  59  6:52  Missile Turret, Factory Tech Lab  
  59  6:53  Starport Tech Lab  
  52  6:56  Marine  
  42  7:05  Combat Shield  
  42  7:07  Marine  
  42  7:14  Marine  
  43  7:16  Cyclone  
  45  7:26  Marauder  
  47  7:32  SCV x2, Marauder  
  47  7:34  Refinery  
  47  7:36  Siege Tank  
  53  7:44  SCV  
  53  7:45  SCV  
  53  7:47  Marine  
  55  7:52  Raven  
  55  7:53  Marine  
  55  7:56  SCV, Siege Tank  
  55  7:57  SCV  
  63  8:01  Terran Infantry Armor Level 1  
  63  8:04  Raven  
  63  8:05  Marauder  
  67  8:08  SCV  
  67  8:09  SCV  
  67  8:12  Marauder  
  71  8:18  Missile Turret  
  71  8:20  SCV  
  71  8:21  SCV  
  71  8:26  Marine  
  74  8:28  Missile Turret  
  74  8:32  SCV, Marine  
  74  8:34  Missile Turret  
  76  8:35  SCV  
  77  8:44  SCV, Bunker  
  77  8:47  SCV  
  79  8:54  Sensor Tower  
  79  8:56  SCV  
  79  8:59  SCV, Bunker  
  81  9:09  Armory  
  81  9:15  Barracks  
  81  9:53  Refinery  
  81  10:02  Barracks Reactor  
  81  10:10  Marine  
  71  10:16  SCV, Marine  
  71  10:17  Medivac x2  
  71  10:21  Factory  
  67  10:22  Hellion  
  67  10:25  Supply Depot, Command Center  
  67  10:26  Hellion  
  70  10:30  Marine  
  70  10:34  Marine  
  72  10:37  Starport  
  72  10:39  Marine  
  73  10:43  Marine  
  73  10:47  Medivac, Raven  
  73  10:48  Marine  
  79  10:52  Marine  
  79  10:56  Marine  
  81  11:01  Hellion  
  81  11:03  Supply Depot  
  83  11:05  Hellion  
  83  11:06  Factory Tech Lab  
  83  11:09  Marine  
  86  11:13  Marine, Starport Reactor  
  86  11:18  Marine  
  88  11:22  Siege Tank  
  91  11:27  Siege Tank  
  91  11:29  Supply Depot  
  91  11:31  Marauder  
  96  11:32  Terran Infantry Weapons Level 2  
  96  11:35  Siege Tank  
  96  11:38  SCV x3  
  102  11:49  Infernal Pre-Igniter  
  102  11:50  SCV  
  102  11:51  SCV  
  105  11:54  SCV  
  105  11:55  Siege Tank  
  105  11:58  Terran Vehicle Weapons Level 1  
  105  11:59  Siege Tank  
  111  12:02  SCV  
  111  12:04  SCV  
  111  12:06  SCV  
  114  12:12  Missile Turret  
  114  12:14  SCV  
  115  12:15  Missile Turret  
  115  12:16  SCV  
  115  12:18  SCV  
  117  12:25  Ghost Academy  
  117  12:26  SCV  
  117  12:28  SCV, Supply Depot  
  119  12:30  SCV  
  119  12:36  Fusion Core  
  120  12:38  SCV  
  120  12:39  Bunker  
  120  12:40  SCV  
  122  12:44  Engineering Bay  
  122  12:48  Armory  
  122  13:04  Refinery  
  122  13:09  Refinery  
  122  13:10  Terran Infantry Armor Level 2  
  122  13:34  Terran Vehicle And Ship Armor Level 1  
  122  13:51  Hellion  
  122  13:52  Terran Ship Weapons Level 1  
  122  13:55  Marine  
  120  14:08  Marine x2  
  120  14:09  Marine  
  123  14:11  Supply Depot  
  123  14:13  Marauder  
  125  14:20  Command Center  
  125  14:26  Marine x3  
  128  14:34  Marine  
  128  14:38  Supply Depot  
  129  14:43  Marine  
  129  14:44  Marine x2  
  132  14:52  Marauder  
  106  15:01  Marine  
  106  15:02  Marine, Marauder  
  106  15:04  Supply Depot  
  106  15:06  Medivac  
  96  15:13  Marine  
  94  15:19  Marine  
  94  15:20  Marine  
  96  15:23  Marine  
  97  15:31  Marine  
  97  15:34  Refinery  
  98  15:37  Marine  
  98  15:38  Marine  
  98  15:40  Marine  
  101  15:46  Missile Turret, Refinery  
  101  15:49  Marauder  
  103  15:50  Missile Turret  
  103  15:55  Marine  
  103  15:56  Marine  
  105  15:58  Marine  
  106  16:09  Bunker  
  106  16:10  Marine  
  107  16:13  Marine x2  
  107  16:16  Marine  
  110  16:27  Ghost  
  110  16:30  Marine  
  113  16:34  Marauder  
  115  16:54  Terran Infantry Weapons Level 3  
  115  16:55  Terran Infantry Armor Level 3  
  115  16:56  Marauder  
  115  16:57  Marauder  
  115  16:58  Terran Vehicle Weapons Level 2  
  115  16:59  Terran Vehicle And Ship Armor Level 2  
  119  17:08  Marine  
  117  17:09  Marine  
  117  17:13  Medivac  
  117  17:15  Medivac  
  110  17:16  Ghost  
  110  17:18  Medivac, Marauder  
  97  17:26  Marine  
  97  17:27  Marine  
  98  17:39  Marine  
  98  17:43  Marine  
  100  17:45  Marine x2  
  102  17:57  Marine  
  103  18:01  Marine  
  103  18:03  Marine x2  
  106  18:15  Marauder  
  106  18:19  Marine  
  109  18:21  Marine x2  
  111  18:36  Marine  
  111  18:37  Marine  
  111  18:39  Marine x2  
  115  18:42  Raven  
  115  18:44  Raven  
  109  18:54  Marauder  
  109  18:55  Marine  
  103  18:56  Marine  
  103  18:57  Marauder  
  105  19:07  Command Center  
  105  19:13  Marine  
  105  19:14  Marine  
  105  19:16  Marauder, Raven  
  111  19:18  Marine  
  112  19:30  Marine  
  113  19:32  Marine  
  113  19:34  Hi-Sec Auto Tracking  
  113  19:36  Marauder  
  113  19:37  Marine  
  117  19:39  Terran Vehicle Weapons Level 3  
  117  19:40  Terran Vehicle And Ship Armor Level 3  
  117  19:42  Neosteel Armor  
  117  19:48  Marine  
  117  19:50  Marine  
  119  19:54  SCV, Ghost  
  119  19:55  SCV x2  
  119  19:56  Missile Turret  
  119  19:58  Marauder  
  106  20:04  Missile Turret  
  106  20:06  SCV, Marine, Hellion  
  107  20:07  SCV x2  
  107  20:09  Siege Tank  
  107  20:12  Siege Tank  
  115  20:18  SCV  
  115  20:19  SCV x3, Marauder  
  121  20:21  Command Center  
  121  20:25  Command Center  
  121  20:28  Refinery, Hellion  
  123  20:31  SCV  
  123  20:33  SCV x3  
  123  20:34  Supply Depot  
  127  20:41  Refinery, Siege Tank  
  130  20:43  SCV, Missile Turret  
  130  20:44  Siege Tank  
  130  20:45  SCV  
  130  20:46  Missile Turret  
  130  20:47  SCV x2, Refinery  
  130  20:49  Siege Tank  
  140  20:55  SCV  
  141  20:57  SCV  
  141  20:58  Supply Depot  
  142  21:07  Bunker  
  142  21:13  Thor  
  142  21:16  Hellion  
  150  21:21  Siege Tank  
  153  21:37  Siege Tank, Bunker  
  156  21:53  Siege Tank  
  159  21:56  Hellion  
  161  22:09  Siege Tank  
  164  22:17  Siege Tank